 Dungeon Crawl Stone Soup version 0.30.0-13-g156ef70053 (webtiles) character file.

Game seed: 11150367464214701464

2822 Caestello the Skirmisher (level 10, -6/76 HPs)
             Began as a Formicid Fighter on May 17, 2023.
             Was a Believer of Qazlal.
             Mangled by a death yak (22 damage)
             ... in a bailey on May 18, 2023.
             The game lasted 00:20:11 (5836 turns).

Caestello the Skirmisher (Formicid Fighter)         Turns: 5836, Time: 00:20:11

Health: -6/76      AC: 15    Str: 34    XL:     10   Next: 3%
Magic:  10/10      EV:  9    Int:  8    God:    Qazlal [**....]
Gold:   338        SH: 12    Dex: 13    Spells: 9/9 levels left

rFire   . . .        a - +3 hammer of Resourcefulness {freeze, *Slow Str+9}
rCold   . . .        u - +0 kite shield
rNeg    + + .        m - +0 chain mail
rPois   .            (helmet unavailable)
rElec   .            F - +0 cloak
rCorr   .            (no gloves)
SInv    +            g - +2 pair of boots
Will    +....        p - amulet of the acrobat Stlth
                     k - ring of positive energy
HPRegen 0.32/turn    y - ring of positive energy
MPRegen 0.12/turn

%: slow self (1%), acrobat
@: mighty
A: permanent stasis, dig shafts and tunnels, antennae 3, four strong arms
a: Dig, Renounce Religion, Upheaval


You were in a bailey.
You worshipped Qazlal.
Qazlal was pleased with you.
You visited 2 branches of the dungeon, and saw 8 of its levels.
You also visited: Sewer and Bailey.

You collected 568 gold pieces.
You spent 230 gold pieces at shops.

Inventory:

Hand Weapons
 a - the +3 hammer of Resourcefulness (weapon) {freeze, *Slow Str+9}
   (You found it on level 6 of the Dungeon)

   Str:       It affects your strength (+9).
   *Slow:     It may slow you when you take damage.
 b - the +10 sling "Piojasch" {flame, Int+5}
   (You found it on level 3 of the Dungeon)

   Int:       It affects your intelligence (+5).
Missiles
 r - 3 atropa-tipped darts
Armour
 c - a +0 buckler
 g - a +2 pair of boots (worn)
 m - a +0 chain mail (worn)
 u - a +0 kite shield (worn)
 x - a +0 scale mail
 F - a +0 cloak (worn)
Jewellery
 k - a ring of positive energy (left hand)
 p - an amulet of the acrobat (around neck)
 y - a ring of positive energy (right hand)
Wands
 o - a wand of light (12)
 C - a wand of polymorph (3) (quivered)
Scrolls
 h - 2 scrolls of identify
 i - a scroll of poison
 j - a scroll of magic mapping
 l - a scroll of fog {unknown}
 v - a scroll of enchant weapon
 D - a scroll of fear
Potions
 d - 3 potions of might
 e - a potion of invisibility {unknown}
 f - a potion of cancellation {unknown}
 n - 2 potions of attraction {unknown}
 q - 2 potions of flight {unknown}
 s - a potion of brilliance {unknown}
 t - 4 potions of curing
 w - 3 potions of magic {unknown}
 z - 2 potions of degeneration {unknown}
 B - 3 potions of resistance {unknown}


   Skills:
 + Level 6.0 Fighting
 + Level 4.5(4.9) Axes
 + Level 2.7(4.0) Maces & Flails
 + Level 8.3 Ranged Weapons
 + Level 6.7 Armour
 + Level 2.0 Dodging
 + Level 1.1 Stealth
 + Level 6.6 Shields


You had 9 spell levels left.
You didn't know any spells.
Your spell library contained the following spells:

 Spells                   Type           Power      Damage    Failure   Level
 Cigotuvi's Dreadful Rot  Necr/Pois/Air  0%         N/A       98%         2
 Inner Flame              Hex/Fire       0%         N/A       100%        3
 Dispel Undead            Necr           0%         3d6       100%        4
 Flame Wave               Conj/Fire      0%         2d4       100%        4
 Sticky Flame             Conj/Fire      0%         2d3       100%        4
 Alistair's Intoxication  Tmut/Pois      0%         N/A       100%        5
 Borgnjor's Vile Clutch   Necr/Erth      0%         N/A       100%        5
 Death Channel            Necr           0%         N/A       100%        6
 Eringya's Noxious Bog    Tmut/Pois      0%         N/A       100%        6


Dungeon Overview and Level Annotations

Branches:
Dungeon (7/15)             Temple (1/1) D:4           Sewer (visited)
 Bailey (1/1)

Altars:
Ashenzari
Cheibriados
Dithmenos
Elyvilon
Fedhas
Gozag
Hepliaklqana
Kikubaaqudgha
Makhleb
Nemelex Xobeh
Okawaru
Qazlal
Ru
Sif Muna
Trog
Uskayaw
Vehumet
Wu Jian
Xom
Yredelemnul
Zin
The Shining One

Shops:
D:5 ?


Innate Abilities, Weirdness & Mutations

You cannot be hasted, slowed, berserked, paralysed or teleported.
You can dig through walls and to a lower floor.
You have a pair of large antennae on your head. (SInv)
Your four strong arms can wield two-handed weapons with a shield.


Message History

The death yak is lightly wounded.
You block the death yak's attack.
You hit the death yak. You freeze the death yak.
The death yak is lightly wounded.
You block the death yak's attack.
The death yak gores you but does no damage.
You hit the death yak but do no damage.
The death yak is lightly wounded.
You block the death yak's attack.
You thump the death yak! You freeze the death yak.
The death yak is moderately wounded.
The death yak gores you.
You hit the death yak but do no damage.
The death yak is moderately wounded.
The death yak barely misses you.
You sock the death yak! You freeze the death yak.
The death yak is moderately wounded.
The death yak gores you!
* * * LOW HITPOINT WARNING * * *
The death yak closely misses you.
You feel much better.
The death yak gores you but does no damage.
You sock the death yak! You freeze the death yak.
The death yak is heavily wounded.
The death yak gores you!!
* * * LOW HITPOINT WARNING * * *
You hit the death yak. You freeze the death yak.
The death yak is heavily wounded.
The death yak gores you but does no damage.
You feel better. The death yak barely misses you.
You feel very mighty all of a sudden. You block the death yak's attack.
You hit the death yak. You freeze the death yak.
The death yak is heavily wounded.
The death yak gores you!
* * * LOW HITPOINT WARNING * * *
You barely miss the death yak.
The death yak is heavily wounded.
The death yak gores you!!
You die...

..8)...(........8..8..#
......................#
....####...####......#
...##~~#####~~##....##♣
...#~:?8...8?)~#...##.♣
##)#~.........~#'###..♣♣
~~(#~..8...8..~#.~~~...♣
~~(##.........##.~~~...♣
~~)#~....∩....~#@§~~...∩
~~)#~.........~#Y~~~...♣
~~)#~~.8...8.~~#)~~~...♣
##'###.......###'###..♣♣
..).#~.8...8.~#....##.♣
....#~~~~~~~~~#.....##♣
..))####~~~####......##
8......#'''#......8...#
......................#


You could see a death yak.

Vanquished Creatures
  Grinder (D:3)
  The ghost of turdburglar the Ruffian, an amateur TrHs (D:4)
  Eustachio (D:5)
  Menkaure (D:6)
  Duvessa (D:6)
  6 orc warriors (Bailey)
  An ice beast (D:5)
  2 ogres
  A centaur (D:6)
  Blork the orc (D:4)
  2 bullfrogs (Sewer)
  A gnoll sergeant (D:5)
  Dowan (D:6)
  2 howler monkeys
  Crazy Yiuf (D:6)
  4 hounds
  3 orc priests
  A gnoll bouda (D:6)
  3 jellies
  3 sleepcaps
  2 iguanas
  4 adders
  12 gnolls
  A white imp (D:7)
  An ufetubus (D:5)
  3 worms
  2 dart slugs
  12 orcs
  9 ball pythons
  7 endoplasms
  10 giant cockroaches
  12 goblins
  11 hobgoblins
  3 jackals (D:2)
  19 kobolds
  8 quokkas
  8 bats
  10 frilled lizards
  8 rats
179 creatures vanquished.

Notes
Turn   | Place    | Note
-------+----------+-------------------------------------------
     0 | D:1      | Caestello the Formicid Fighter began the quest for the Orb.
     0 | D:1      | Reached XP level 1. HP: 18/18 MP: 1/1
   150 | D:1      | Reached XP level 2. HP: 21/24 MP: 2/2
   320 | D:1      | Reached XP level 3. HP: 29/29 MP: 3/3
   739 | D:2      | Reached XP level 4. HP: 36/36 MP: 4/4
   863 | D:2      | Found a faded altar of an unknown god.
  1523 | D:2      | Reached XP level 5. HP: 9/42 MP: 5/5
  1880 | D:3      | Identified the +10 sling "Piojasch" {flame, Int+5}
  2372 | D:3      | Noticed Grinder
  2378 | D:3      | Killed Grinder
  2379 | D:3      | Reached skill level 1 in Ranged Weapons
  2379 | D:3      | Reached skill level 1 in Dodging
  2379 | D:3      | Reached XP level 6. HP: 48/48 MP: 6/6
  2469 | D:4      | Found a glowing drain.
  2479 | D:4      | Reached XP level 7. HP: 54/54 MP: 7/7
  2508 | Sewer    | Entered a sewer
  2684 | Sewer    | Reached skill level 2 in Ranged Weapons
  2684 | Sewer    | Reached skill level 5 in Shields
  2687 | Sewer    | Reached skill level 5 in Armour
  2730 | D:4      | Reached skill level 3 in Ranged Weapons
  2840 | D:4      | Found a runed translucent door.
  2841 | D:4      | Noticed turdburglar's ghost (amateur TrHs)
  2949 | D:4      | Killed turdburglar's ghost
  2950 | D:4      | Reached skill level 4 in Ranged Weapons
  2950 | D:4      | Reached XP level 8. HP: 41/61 MP: 8/8
  3035 | D:4      | Noticed Blork the orc
  3041 | D:4      | Killed Blork the orc
  3227 | D:4      | Found a staircase to the Ecumenical Temple.
  3232 | Temple   | Entered the Ecumenical Temple
  3441 | Temple   | Became a worshipper of Qazlal Stormbringer
  3536 | D:4      | Found a hazy altar of Hepliaklqana.
  3545 | D:4      | Found a broken altar of Ashenzari.
  3678 | D:4      | Identified the +0 ring mail "Fetazewa" {Harm Rampage rN+++
                  | Will-}
  3722 | D:5      | Entered Level 5 of the Dungeon
  3774 | D:5      | Reached skill level 5 in Ranged Weapons
  4376 | D:5      | Found Bomofif's Magic Scroll Boutique.
  4379 | D:5      | Bought a scroll of identify for 22 gold pieces
  4379 | D:5      | Bought a scroll of magic mapping for 82 gold pieces
  4379 | D:5      | Bought a scroll of identify for 22 gold pieces
  4379 | D:5      | Bought a scroll of enchant weapon for 82 gold pieces
  4379 | D:5      | Bought a scroll of identify for 22 gold pieces
  4405 | D:5      | Noticed Eustachio
  4410 | D:5      | Killed Eustachio
  4411 | D:5      | Reached skill level 5 in Fighting
  4411 | D:5      | Reached skill level 6 in Ranged Weapons
  4445 | D:5      | Reached XP level 9. HP: 68/68 MP: 9/9
  4518 | D:6      | Reached skill level 1 in Stealth
  4522 | D:6      | Noticed Duvessa
  4526 | D:6      | Noticed Menkaure
  4685 | D:6      | Reached skill level 7 in Ranged Weapons
  4852 | D:6      | Noticed Dowan
  4870 | D:6      | HP: 2/68 [Duvessa/bolt of light (8)]
  4872 | D:6      | Killed Duvessa
  4872 | D:6      | Reached * piety under Qazlal
  4874 | D:6      | Killed Dowan
  5042 | D:6      | Killed Menkaure
  5244 | D:6      | Found a runed translucent door.
  5245 | D:6      | Noticed Crazy Yiuf
  5254 | D:6      | Killed Crazy Yiuf
  5258 | D:6      | Identified the +3 hammer of Resourcefulness {freeze, *Slow
                  | Str+9}
  5490 | D:7      | Found a flagged portal.
  5508 | Bailey   | Entered a bailey
  5513 | Bailey   | Noticed an orc warlord
  5561 | Bailey   | Reached skill level 1 in Maces & Flails
  5561 | Bailey   | Reached skill level 8 in Ranged Weapons
  5626 | Bailey   | Found a runed translucent gate.
  5628 | Bailey   | Found a runed translucent gate.
  5630 | Bailey   | Found a runed translucent gate.
  5649 | Bailey   | Reached ** piety under Qazlal
  5687 | Bailey   | Reached XP level 10. HP: 61/76 MP: 10/10
  5822 | Bailey   | an orc warlord changed into a death yak
  5822 | Bailey   | Noticed a death yak
  5836 | Bailey   | Mangled by a death yak

Illustrated notes

Levels and vault maps discovered:
D:1:      wander_arrival_chamber, layout_basic, kennysheep_nondescript,
          bh_walls_and_bars
D:2:      minmay_door_path, layout_basic,
          shapermc_ecumenical_altar_mp_urbaneastern, minmay_gold_behind_fungi
D:3:      layout_basic, minmay_fountain_box, uniq_grinder
D:4:      layout_basic, mainiacjoe_overflow_swirl, temple_doors_cd,
          cheibrodos_sewer_entry_drain, gammafunk_ghost_grave,
          uniq_blork_the_orc
D:5:      layout_gridville, serial_shops, kennysheep_mini_moat, uniq_eustachio
D:6:      layout_rooms, uniq_menkaure, uniq_crazy_yiuf_cottage, uniq_duvessa
D:7:      layout_rooms, enter_bailey_3, hangedman_decor_peaks_small, uniq_joseph
Temple:   nicolae_temple_slightly_damp_pantheon
Bailey:   bailey_axe_bossmonster_kennysheep, bailey

Skill      XL: |  1  2  3  4  5  6  7  8  9 |
---------------+----------------------------+-----
Axes           | 3 4 |  4.5
Armour         | 4 5 6 |  6.7
Fighting       | 4 5 6 |  6.0
Ranged Weapons | 1 4 6 8 |  8.3
Dodging        | 1 2 |  2.0
Shields        | 5 6 |  6.6
Stealth        | 1 |  1.1
Maces & Flails | 2 |  2.7

Action                     |  1- 3 |  4- 6 |  7- 9 | 10-12 || total
---------------------------+-------+-------+-------+-------++-------
  Melee: War axe           |   120 |    62 |       |       ||   182
         Mace              |       |       |    78 |    13 ||    91
         Sling             |       |       |     1 |       ||     1
   Fire: Sling             |       |    20 |   245 |     5 ||   270
  Evoke: Wand              |       |       |       |     1 ||     1
    Use: Potion            |       |     1 |     2 |     4 ||     7
         Scroll            |       |       |    11 |       ||    11
 Armour: Ring mail         |    38 |       |       |       ||    38
         Scale mail        |    33 |    31 |    22 |       ||    86
         Chain mail        |       |       |    91 |     3 ||    94
  Dodge: Dodged            |    70 |    33 |   114 |     4 ||   221
  Block: Buckler           |    38 |    15 |    29 |       ||    82
         Kite shield       |       |       |    90 |     8 ||    98
